 Dungeon Crawl Stone Soup version 0.29-a0-483-g69413ace17 (webtiles) character file.

Game seed: 6038726001290229210

84 oldark the Gusty (level 4, -4/24 HPs)
             Began as a Deep Elf Air Elementalist on May 26, 2022.
             Slain by Crazy Yiuf
             ... wielding a +2 quarterstaff of chaos
              (13 damage)
             ... on level 2 of the Dungeon.
             The game lasted 00:07:50 (2716 turns).

oldark the Gusty (Deep Elf Air Elementalist)        Turns: 2716, Time: 00:07:50

Health: -4/24      AC:  2    Str:  5    XL:     4   Next: 24%
Magic:  11/12      EV: 12    Int: 22    God:
Gold:   65         SH:  0    Dex: 15    Spells: 1/11 levels left

rFire   . . .      SeeInvis .   e - +1 dagger (elec)
rCold   + . .      Faith    .   (no shield)
rNeg    . . .      Spirit   .   a - +0 robe
rPois   .          Reflect  .   (no helmet)
rElec   .          Harm     .   (no cloak)
rCorr   .          Rampage  .   (no gloves)
Will    .....                   (no boots)
Stlth   ++........              (no amulet)
HPRegen 0.08/turn               m - ring of protection from cold
MPRegen 0.13/turn               (no ring)

@: no status effects
A: no striking features
a: no special abilities


You were on level 2 of the Dungeon.
You visited 1 branch of the dungeon, and saw 2 of its levels.

You collected 65 gold pieces.

Inventory:

Hand Weapons
 d - a +1 dagger of venom
 e - a +1 dagger of electrocution (weapon)
Armour
 a - a +0 robe (worn)
Jewellery
 m - a ring of protection from cold (left hand)
Scrolls
 c - 3 scrolls of fear {unknown}
 f - a scroll of vulnerability {unknown}
 g - 3 scrolls of immolation {unknown}
 h - a scroll of amnesia {unknown}
 i - 3 scrolls of identify {unknown}
 n - a scroll of noise {unknown}
Potions
 b - a potion of magic
 j - a potion of heal wounds {unknown}
 k - 2 potions of haste {unknown}
 l - 3 potions of degeneration {unknown}


   Skills:
 - Level 2.4 Dodging
 - Level 2.4 Stealth
 + Level 4.0 Spellcasting
 + Level 2.3 Conjurations
 * Level 4.2 Air Magic


You had one spell level left.
You knew the following spells:

 Your Spells              Type           Power      Damage    Failure   Level
a - Shock                 Conj/Air       72%        1d7       3%          1
b - Static Discharge      Conj/Air       18%        N/A       4%          2
c - Swiftness             Air            22%        N/A       6%          3
d - Airstrike             Air            11%        N/A       21%         4

Your spell library contained the following spells:

 Spells                   Type           Power      Damage    Failure   Level
 Magic Dart               Conj           56%        1d5       4%          1
 Mephitic Cloud           Conj/Pois/Air  14%        N/A       14%         3
 Call Imp                 Summ           4%         N/A       17%         2


Dungeon Overview and Level Annotations

Branches:
Dungeon (2/15)

Altars:

Annotations:
D:2 Crazy Yiuf


Message History

You see here a +0 trident.
Found 16 stones.
You see here 16 stones.
Found a dagger.
An endoplasm comes into view.
Casting: Shock (safe; 3% risk of failure)
Confirm with . or Enter, or press ? or * to list all spells.
Aiming: Shock (safe; 3% risk of failure)
Press: ? - help, Shift-Dir - straight line, f - endoplasm
Aim: an endoplasm (asleep, 100% to hit)
The zap hits the endoplasm.
The endoplasm is severely wounded.
The endoplasm quivers.
Casting: Shock (safe; 3% risk of failure)
Confirm with . or Enter, or press ? or * to list all spells.
Aiming: Shock (safe; 3% risk of failure)
Press: ? - help, Shift-Dir - straight line, f/p - endoplasm
Aim: an endoplasm (severely wounded, 98% to hit)
The zap hits the endoplasm.
You kill the endoplasm!
i - 3 scrolls labelled SAHUEV LEIS (gained 1)
Found a glimmering mace.
Found a runed translucent door.
Crazy Yiuf shouts!
Crazy Yiuf whimpers, "Gum!
Ghoul hand return to song."
Crazy Yiuf yells, "Liver!
Ten horse sing-song."
You open the door. Crazy Yiuf attacks as you move away!
Crazy Yiuf hits you with a +2 quarterstaff of chaos!
Ouch! That really hurt!
Crazy Yiuf burns you.
Crazy Yiuf yells, "Mama Hive wrapper!"
Casting: Shock (safe; 3% risk of failure)
Confirm with . or Enter, or press ? or * to list all spells.
Aiming: Shock (safe; 3% risk of failure)
Press: ? - help, Shift-Dir - straight line The zap hits Crazy Yiuf.
Crazy Yiuf is lightly wounded.
Crazy Yiuf hits you with a +2 quarterstaff of chaos!
Ouch! That really hurt!
You die...

####.......# #.##
#...##.....# #..#
..#.##.#####
##.## ..#.##.#
#..# .##.####
##.# ....# ###
#####.# #####
#)..### ##.#...#
#...'.####......#
######
#...##g@#......##
###....# ###
###.#..#.##
..#....# ########
#.#....# #†#....#
#....†.#########
....#'###......#
###.#..........#
#...####.......#


You could see Crazy Yiuf.

Vanquished Creatures
  An adder (D:2)
  3 worms (D:2)
  6 dart slugs
  A bat (D:1)
  7 endoplasms
  A giant cockroach (D:2)
  6 goblins
  4 hobgoblins
  2 jackals (D:1)
  4 quokkas
  5 ball pythons
  6 frilled lizards
  4 kobolds
  4 rats
54 creatures vanquished.

Notes
Turn   | Place    | Note
-------+----------+-------------------------------------------
     0 | D:1      | oldark the Deep Elf Air Elementalist began the quest for
                  | the Orb.
     0 | D:1      | Reached XP level 1. HP: 10/10 MP: 6/6
   195 | D:1      | Reached XP level 2. HP: 15/15 MP: 2/8
   936 | D:1      | Learned a level 2 spell: Static Discharge
  1231 | D:2      | Reached XP level 3. HP: 19/19 MP: 8/10
  2000 | D:2      | Reached XP level 4. HP: 24/24 MP: 4/11
  2061 | D:2      | Learned a level 3 spell: Swiftness
  2066 | D:2      | Learned a level 4 spell: Airstrike
  2078 | D:2      | Found a faded altar of an unknown god.
  2709 | D:2      | Found a runed translucent door.
  2710 | D:2      | Noticed Crazy Yiuf
  2716 | D:2      | Slain by Crazy Yiuf

Illustrated notes

Levels and vault maps discovered:
D:1:      dpeg_arrival_round_c, layout_loops_cross
D:2:      minmay_angry_zag, layout_basic, chequers_ecumenical_altar_lobes,
          nrook_loot_triangle, uniq_crazy_yiuf_cottage

Skill      XL: |  1  2  3  4 |
---------------+-------------+-----
Conjurations   | 2 |  2.3
Air Magic      | 4 |  4.2
Spellcasting   | 4 |  4.0
Dodging        | |  2.4
Stealth        | |  2.4

Action                   |  1- 3 |  4- 6 || total
-------------------------+-------+-------++-------
Melee: Dagger            |     6 |       ||     6
 Cast: Shock             |    97 |    18 ||   115
Armor: Robe              |     2 |       ||     2
Dodge: Dodged            |     8 |     1 ||     9

Table legend: (Time is in decaauts)
 A = Elapsed time spent in this place.
 B = Non-inter-level travel time spent in this place.
 C = Inter-level travel time spent in this place.
 D = Time resting spent in this place.
 E = Time spent auto-exploring this place.
 F = Levels seen in this place.
 G = Mean time per level.
                   A        B        C        D        E       F      G
               +--------+--------+--------+--------+--------+-----+--------+
         Total |   2714 |   2656 |     58 |    697 |   1705 |   2 | 1357.0 |
       Dungeon |   2714 |   2656 |     58 |    697 |   1705 |   2 | 1357.0 |
               +--------+--------+--------+--------+--------+-----+--------+

Top non-repeatable levels by time:
     D:2: 1486 daAuts
     D:1: 1228 daAuts
